 Dungeon Crawl Stone Soup version 0.31-a0-175-g9f7f995f2b (webtiles) character file.

Game seed: 1508960966566851231

4216 qw the Skirmisher (level 10, 0/96 HPs)
             Began as a Naga Hunter on June 16, 2023.
             Was an Initiate of Okawaru.
             Slain by a yak (2 damage)
             ... on level 8 of the Dungeon.
             The game lasted 00:03:30 (7703 turns).

qw the Skirmisher (Naga Hunter)                     Turns: 7703, Time: 00:03:30

Health: 0/96       AC: 10    Str: 13    XL:     10   Next: 30%
Magic:  11/12      EV: 17    Int: 10    God:    Okawaru [......]
Gold:   370        SH:  0    Dex: 19    Spells: 9/9 levels left

rFire   + . .        Y - +0 shortbow
rCold   . . .        (shield currently unavailable)
rNeg    . . .        b - +2 ring mail {rF+}
rPois   +            a - +0 helmet
rElec   .            (no cloak)
rCorr   .            (no gloves)
SInv    +            (no barding)
Will    +....        (no amulet)
Stlth   +++          e - +5 ring of evasion
HPRegen 0.36/turn    (no ring)
MPRegen 0.13/turn

%: no passive effects
@: about to teleport, short of breath, heroic, very slow
A: AC +3, large, see invisible, deformed body, poison resistance, slowness 2,
spit poison 1, naga tail 1
a: Spit Poison, Renounce Religion


You were on level 8 of the Dungeon.
You worshipped Okawaru.
Okawaru was noncommittal.
You visited 2 branches of the dungeon, and saw 9 of its levels.

You collected 567 gold pieces.
You spent 197 gold pieces at shops.


Innate Abilities, Weirdness & Mutations

Your serpentine skin is tough. (AC +3)
You have supernaturally acute eyesight. (SInv)
Armour fits poorly on your strangely shaped body.
Your system is resistant to poisons. (rPois)
You cover ground very slowly.
You can spit poison.
You have a snake-like lower body.


   Skills:
 + Level 7.8(12.8) Fighting
 - Level 11.0(16.0) Ranged Weapons
 - Level 2.1(7.1) Armour
 - Level 3.0(8.0) Dodging
 - Level 1.5(6.5) Stealth
 - Level 3.7 Invocations


You had 9 spell levels left.
You didn't know any spells.
Your spell library was empty.

Inventory:

Hand Weapons
 Y - a +0 shortbow (weapon)
Armour
 a - a +0 helmet (worn)
 b - a +2 ring mail of fire resistance (worn)
 f - a +2 ring mail of willpower
Jewellery
 e - a +5 ring of evasion (left hand)
 k - a ring of fire
Scrolls
 c - a scroll of enchant armour {unknown}
 d - a scroll of teleportation
 i - 3 scrolls of identify
Potions
 h - a potion of enlightenment {unknown}
 j - a potion of attraction {unknown}
 n - 6 potions of curing

Dungeon Overview and Level Annotations

Branches:
Dungeon (8/15)             Temple (1/1) D:4
   Lair: D:8-11

Altars:
Ashenzari
Cheibriados
Dithmenos
Fedhas
Gozag
Hepliaklqana
Kikubaaqudgha
Makhleb
Okawaru
Ru
Sif Muna
Trog
Vehumet
Xom
Yredelemnul
Zin
The Shining One

Shops:
D:2 [   D:4 [   D:5 !   D:7 =


Message History

You shoot an arrow. The arrow hits the yak.
The yak is moderately wounded.
The yak misses you. The yak gores you! The yak misses you.
You shoot an arrow. The arrow barely misses the yak.
The yak barely misses you. The yak gores you. The yak misses you.
You shoot an arrow. The arrow closely misses the yak.
You shoot an arrow. The arrow barely misses the yak.
The yak misses you. x2; The yak gores you.
You shoot an arrow. The arrow barely misses the yak.
The yak gores you. The yak closely misses you. x2
You shoot an arrow. The arrow hits the yak!
The yak is heavily wounded.
The yak barely misses you. x2; The yak gores you!
You shoot an arrow. The arrow barely misses the yak.
The yak misses you. The yak closely misses you. The yak gores you.
You shoot an arrow.
The arrow hits the yak but does no damage.
The yak is heavily wounded.
You have got your breath back.
7699 ||| INVOKING Spit Poison.
Aiming: Spit Poison (1% risk of failure)
Press: ? - help, Shift-Dir - straight line, f/p - yak The splash of poison hits the yak!
The yak is poisoned.
The yak is severely wounded.
The yak completely misses you. The yak gores you. The yak barely misses you.
You shoot an arrow. The arrow hits the yak.
The yak is severely wounded.
The yak gores you but does no damage. The yak gores you! The yak gores you.
7701 ||| READING 2 scrolls of teleportation.
As you read the scroll of teleportation, it crumbles to dust.
You feel strangely unstable. The yak closely misses you. The yak gores you!
The yak gores you but does no damage.
You shoot an arrow.
The arrow hits the yak but does no damage.
The yak is severely wounded.
The yak gores you! The yak completely misses you. The yak closely misses you.
You shoot an arrow. The arrow closely misses the yak.
The yak gores you.
You die...

#######
##########Y....###
#........YYY......
#.# #@# #.# ######.#
#.# #......#
##.###.####....#
######^..##.####.##.#
..............#..# ..
######...##.#.#.##
... # ##.###.#.#. ..
# #.# #.# #. .


You could see 4 yaks.

Vanquished Creatures
  Pikel (D:5)
  2 wyverns (D:7)
  A yak (D:8)
  2 steam dragons (D:7)
  3 orc warriors
  2 black bears (D:5)
  An ogre (D:7)
  A centaur (D:7)
  A lemure (D:5)
  A phantom (D:5)
  A kobold brigand (D:7)
  Blork the orc (D:6)
  2 necrophages (D:4)
  3 scorpions
  2 gnoll sergeants (D:7)
  7 wights
  A centaur zombie (D:4)
  9 hounds
  A jelly (D:7)
  A human zombie (D:4)
  4 orc priests
  Jessica (D:3)
  2 gnoll boudas (D:7)
  10 iguanas
  10 orc wizards
  A hound zombie (D:4)
  A mummy (D:4)
  Robin (D:2)
  11 adders
  5 gnolls
  A shadow imp (D:5)
  An ufetubus (D:7)
  3 adder zombies (D:4)
  2 worms
  5 dart slugs
  23 orcs
  11 ball pythons
  4 bats
  4 endoplasms
  3 giant cockroaches
  17 goblins
  15 hobgoblins
  5 jackals
  18 kobolds
  2 quokkas
  11 frilled lizards
  A quokka zombie (D:4)
  8 rats
  A spectral goblin (D:8)
224 creatures vanquished.

Notes
Turn   | Place    | Note
-------+----------+-------------------------------------------
     0 | D:1      | qw the Naga Hunter began the quest for the Orb.
     0 | D:1      | Reached XP level 1. HP: 19/19 MP: 1/1
     0 | D:1      | 0 ||| qw: Version: 0.2-a-29-g511e9b1
     0 | D:1      | 0 ||| qw: Game counter: 23
     0 | D:1      | 0 ||| qw: Always use a shield: true
     0 | D:1      | 0 ||| qw: God list: Okawaru
     0 | D:1      | 0 ||| qw: Allow faded altars: false
     0 | D:1      | 0 ||| qw: Do Orc after D:15 true
     0 | D:1      | 0 ||| qw: Do second Lair branch before Depths: true
     0 | D:1      | 0 ||| qw: Lair rune preference: random
     0 | D:1      | 0 ||| qw: Plans: Normal
     0 | D:1      | 0 ||| PLANNING D:1-11
    62 | D:1      | 62 ||| INVOKING Spit Poison.
    76 | D:1      | 76 ||| INVOKING Spit Poison.
   130 | D:1      | 130 ||| INVOKING Spit Poison.
   135 | D:1      | 135 ||| INVOKING Spit Poison.
   159 | D:1      | 159 ||| INVOKING Spit Poison.
   162 | D:1      | 162 ||| INVOKING Spit Poison.
   164 | D:1      | Reached skill level 4 in Ranged Weapons
   164 | D:1      | Reached XP level 2. HP: 11/26 MP: 2/2
   166 | D:1      | 166 ||| INVOKING Spit Poison.
   299 | D:1      | 299 ||| INVOKING Spit Poison.
   317 | D:1      | 317 ||| INVOKING Spit Poison.
   321 | D:1      | 321 ||| INVOKING Spit Poison.
   324 | D:1      | 324 ||| INVOKING Spit Poison.
   356 | D:1      | 356 ||| INVOKING Spit Poison.
   504 | D:1      | 504 ||| INVOKING Spit Poison.
   505 | D:1      | 505 ||| INVOKING Spit Poison.
   585 | D:1      | 585 ||| INVOKING Spit Poison.
   586 | D:1      | Reached XP level 3. HP: 32/32 MP: 3/3
   613 | D:1      | 613 ||| INVOKING Spit Poison.
   724 | D:1      | 724 ||| INVOKING Spit Poison.
   789 | D:1      | 789 ||| FLEEEEING.
   790 | D:1      | 790 ||| FLEEEEING.
   791 | D:1      | 791 ||| INVOKING Spit Poison.
   808 | D:1      | 808 ||| UPGRADING to +5 ring of evasion.
   809 | D:1      | 809 ||| READING scroll labelled LIZXUAXKUTZ.
   810 | D:1      | 810 ||| DROPPING scroll of butterflies.
   831 | D:2      | Found Varem's Armour Boutique.
   834 | D:2      | 834 ||| SHOPLISTING +0 cloak of Plog {rC++ rCorr Int-4
                  | Stlth+} (290 gold, have 49).
   834 | D:2      | 834 ||| SHOPLISTING +1 ring mail of poison resistance (130
                  | gold, have 49).
   859 | D:2      | 859 ||| INVOKING Spit Poison.
   878 | D:2      | 878 ||| INVOKING Spit Poison.
   887 | D:2      | 887 ||| INVOKING Spit Poison.
   902 | D:2      | 902 ||| INVOKING Spit Poison.
   923 | D:2      | 923 ||| INVOKING Spit Poison.
   933 | D:2      | Noticed Robin
   934 | D:2      | 934 ||| INVOKING Spit Poison.
   940 | D:2      | 940 ||| INVOKING Spit Poison.
   946 | D:2      | 946 ||| INVOKING Spit Poison.
   947 | D:2      | Killed Robin
   958 | D:2      | 958 ||| INVOKING Spit Poison.
   962 | D:2      | 962 ||| INVOKING Spit Poison.
   963 | D:2      | Reached skill level 5 in Ranged Weapons
   965 | D:2      | Reached XP level 4. HP: 19/39 MP: 4/4
   970 | D:2      | 970 ||| INVOKING Spit Poison.
  1014 | D:2      | 1014 ||| INVOKING Spit Poison.
  1057 | D:2      | 1057 ||| INVOKING Spit Poison.
  1062 | D:2      | 1062 ||| INVOKING Spit Poison.
  1068 | D:2      | 1068 ||| INVOKING Spit Poison.
  1120 | D:2      | 1120 ||| INVOKING Spit Poison.
  1158 | D:2      | 1158 ||| INVOKING Spit Poison.
  1163 | D:2      | 1163 ||| INVOKING Spit Poison.
  1167 | D:2      | 1167 ||| INVOKING Spit Poison.
  1199 | D:2      | 1199 ||| INVOKING Spit Poison.
  1204 | D:2      | 1204 ||| INVOKING Spit Poison.
  1389 | D:2      | 1389 ||| INVOKING Spit Poison.
  1466 | D:2      | 1466 ||| UPGRADING to +0 helmet.
  1471 | D:2      | 1471 ||| READING scroll labelled WOQACL HOUWALO.
  1472 | D:2      | 1472 ||| READING scroll labelled HARODA QITIDUF.
  1473 | D:2      | 1473 ||| READING scroll labelled IZAIXU XUONKU.
  1476 | D:2      | 1476 ||| DRINKING 2 red potions.
  1502 | D:3      | Noticed Jessica
  1503 | D:3      | 1503 ||| INVOKING Spit Poison.
  1506 | D:3      | Killed Jessica
  1507 | D:3      | Reached skill level 3 in Fighting
  1507 | D:3      | Reached XP level 5. HP: 49/49 MP: 5/5
  1542 | D:3      | 1542 ||| INVOKING Spit Poison.
  1586 | D:3      | 1586 ||| INVOKING Spit Poison.
  1616 | D:3      | 1616 ||| INVOKING Spit Poison.
  1620 | D:3      | 1620 ||| INVOKING Spit Poison.
  1624 | D:3      | 1624 ||| INVOKING Spit Poison.
  1630 | D:3      | 1630 ||| INVOKING Spit Poison.
  1633 | D:3      | 1633 ||| INVOKING Spit Poison.
  1669 | D:3      | 1669 ||| INVOKING Spit Poison.
  1689 | D:3      | 1689 ||| INVOKING Spit Poison.
  1696 | D:3      | 1696 ||| INVOKING Spit Poison.
  1786 | D:3      | 1786 ||| INVOKING Spit Poison.
  1792 | D:3      | 1792 ||| INVOKING Spit Poison.
  1857 | D:3      | 1857 ||| INVOKING Spit Poison.
  1862 | D:3      | 1862 ||| INVOKING Spit Poison.
  1867 | D:3      | 1867 ||| INVOKING Spit Poison.
  1896 | D:3      | 1896 ||| INVOKING Spit Poison.
  2006 | D:3      | Found a faded altar of an unknown god.
  2158 | D:3      | 2158 ||| UPGRADING to amulet of guardian spirit.
  2163 | D:3      | 2163 ||| READING scroll labelled DIRIRPH UMUONAJU.
  2221 | D:4      | 2221 ||| INVOKING Spit Poison.
  2223 | D:4      | Reached XP level 6. HP: 56/56 MP: 6/6
  2230 | D:4      | 2230 ||| INVOKING Spit Poison.
  2236 | D:4      | 2236 ||| INVOKING Spit Poison.
  2240 | D:4      | Reached skill level 6 in Ranged Weapons
  2275 | D:4      | 2275 ||| INVOKING Spit Poison.
  2282 | D:4      | 2282 ||| INVOKING Spit Poison.
  2323 | D:4      | Found Hodghep's Armour Emporium.
  2326 | D:4      | 2326 ||| BUYING +0 robe of fire resistance (107 gold).
  2326 | D:4      | Bought a +0 robe of fire resistance for 107 gold pieces
  2326 | D:4      | 2326 ||| SHOPLISTING +3 ring mail of cold resistance (364
                  | gold, have 70).
  2367 | D:4      | 2367 ||| INVOKING Spit Poison.
  2378 | D:4      | 2378 ||| INVOKING Spit Poison.
  2446 | D:4      | Found a snail-covered altar of Cheibriados.
  2516 | D:4      | 2516 ||| INVOKING Spit Poison.
  2534 | D:4      | 2534 ||| INVOKING Spit Poison.
  2537 | D:4      | 2537 ||| INVOKING Spit Poison.
  2540 | D:4      | 2540 ||| INVOKING Spit Poison.
  2545 | D:4      | 2545 ||| INVOKING Spit Poison.
  2549 | D:4      | 2549 ||| INVOKING Spit Poison.
  2550 | D:4      | HP: 11/57 [gnoll/+0 halberd (9)]
  2551 | D:4      | 2551 ||| DRINKING 3 potions of heal wounds.
  2614 | D:4      | 2614 ||| INVOKING Spit Poison.
  2620 | D:4      | 2620 ||| INVOKING Spit Poison.
  2709 | D:4      | 2709 ||| INVOKING Spit Poison.
  2722 | D:4      | Reached XP level 7. HP: 57/64 MP: 7/7
  2760 | D:4      | 2760 ||| INVOKING Spit Poison.
  2775 | D:4      | Reached skill level 7 in Ranged Weapons
  2817 | D:4      | HP: 15/60 [wight/+1 flail of freezing (4)]
  2818 | D:4      | 2818 ||| DRINKING 2 potions of heal wounds.
  2820 | D:4      | 2820 ||| INVOKING Spit Poison.
  2824 | D:4      | 2824 ||| INVOKING Spit Poison.
  3049 | D:4      | Found an ancient bone altar of Kikubaaqudgha.
  3314 | D:4      | 3314 ||| INVOKING Spit Poison.
  3444 | D:4      | 3444 ||| INVOKING Spit Poison.
  3467 | D:4      | 3467 ||| INVOKING Spit Poison.
  3494 | D:4      | 3494 ||| INVOKING Spit Poison.
  3542 | D:4      | Found a staircase to the Ecumenical Temple.
  3543 | D:4      | 3543 ||| PLANNING TEMPLE
  3543 | D:4      | 3543 ||| INVOKING Spit Poison.
  3544 | D:4      | 3544 ||| UPGRADING to +0 robe of fire resistance.
  3554 | D:4      | 3554 ||| READING scroll labelled ZIB ZEORIDEQ.
  3555 | D:4      | 3555 ||| READING scroll labelled COONLIP SOTE.
  3556 | D:4      | 3556 ||| READING scroll labelled LOEN OMAALERA.
  3557 | D:4      | 3557 ||| DRINKING 2 metallic dark potions.
  3558 | D:4      | 3558 ||| READING 2 scrolls of identify.
  3558 | D:4      | 3558 ||| IDENTIFYING pink potion
  3559 | D:4      | 3559 ||| DROPPING potion of brilliance.
  3568 | Temple   | Entered the Ecumenical Temple
  3595 | Temple   | 3595 ||| PLANNING OKAWARU WORSHIP
  3750 | Temple   | Became a worshipper of Warmaster Okawaru
  3751 | Temple   | 3751 ||| PLANNING D:1-11
  3751 | Temple   | 3751 ||| REMOVING amulet of guardian spirit.
  3756 | Temple   | 3756 ||| DROPPING amulet of guardian spirit.
  3784 | D:4      | 3784 ||| INVOKING Spit Poison.
  3788 | D:4      | 3788 ||| INVOKING Spit Poison.
  3862 | D:5      | Entered Level 5 of the Dungeon
  3893 | D:5      | 3893 ||| INVOKING Spit Poison.
  3896 | D:5      | 3896 ||| INVOKING Spit Poison.
  3897 | D:5      | Reached skill level 8 in Ranged Weapons
  3897 | D:5      | Reached XP level 8. HP: 72/72 MP: 8/8
  3927 | D:5      | 3927 ||| INVOKING Spit Poison.
  3946 | D:5      | 3946 ||| INVOKING Spit Poison.
  3949 | D:5      | 3949 ||| INVOKING Spit Poison.
  3954 | D:5      | 3954 ||| INVOKING Spit Poison.
  3963 | D:5      | 3963 ||| INVOKING Spit Poison.
  3970 | D:5      | 3970 ||| INVOKING Spit Poison.
  3975 | D:5      | 3975 ||| INVOKING Spit Poison.
  3979 | D:5      | 3979 ||| INVOKING Spit Poison.
  3985 | D:5      | 3985 ||| INVOKING Spit Poison.
  3992 | D:5      | 3992 ||| INVOKING Spit Poison.
  4024 | D:5      | 4024 ||| INVOKING Spit Poison.
  4030 | D:5      | 4030 ||| INVOKING Spit Poison.
  4183 | D:5      | 4183 ||| INVOKING Spit Poison.
  4187 | D:5      | 4187 ||| INVOKING Spit Poison.
  4256 | D:5      | 4256 ||| INVOKING Spit Poison.
  4290 | D:5      | 4290 ||| INVOKING Spit Poison.
  4318 | D:5      | Noticed Pikel
  4318 | D:5      | 4318 ||| INVOKING Spit Poison.
  4324 | D:5      | 4324 ||| INVOKING Spit Poison.
  4331 | D:5      | 4331 ||| INVOKING Spit Poison.
  4339 | D:5      | 4339 ||| INVOKING Spit Poison.
  4340 | D:5      | HP: 17/74 [Pikel/+1 whip of freezing (7)]
  4341 | D:5      | 4341 ||| DRINKING 2 potions of heal wounds.
  4344 | D:5      | 4344 ||| INVOKING Spit Poison.
  4345 | D:5      | HP: 16/74 [Pikel/+1 whip of freezing (3)]
  4346 | D:5      | 4346 ||| DRINKING potion of heal wounds.
  4349 | D:5      | 4349 ||| INVOKING Spit Poison.
  4357 | D:5      | 4357 ||| INVOKING Spit Poison.
  4357 | D:5      | Killed Pikel
  4357 | D:5      | Reached * piety under Okawaru
  4358 | D:5      | Reached skill level 10 in Ranged Weapons
  4358 | D:5      | Reached XP level 9. HP: 31/81 MP: 9/9
  4532 | D:5      | 4532 ||| INVOKING Heroism.
  4533 | D:5      | 4533 ||| INVOKING Spit Poison.
  4539 | D:5      | 4539 ||| INVOKING Spit Poison.
  4545 | D:5      | 4545 ||| INVOKING Heroism.
  4549 | D:5      | 4549 ||| INVOKING Spit Poison.
  4557 | D:5      | Reached skill level 1 in Invocations
  4559 | D:5      | 4559 ||| INVOKING Spit Poison.
  4560 | D:5      | 4560 ||| INVOKING Heroism.
  4564 | D:5      | 4564 ||| INVOKING Spit Poison.
  4717 | D:5      | 4717 ||| INVOKING Spit Poison.
  4722 | D:5      | Found Ymeifes's Distillery.
  4731 | D:5      | 4731 ||| BUYING potion of curing (30 gold).
  4731 | D:5      | Bought a potion of curing for 30 gold pieces
  4731 | D:5      | 4731 ||| BUYING potion of curing (30 gold).
  4731 | D:5      | Bought a potion of curing for 30 gold pieces
  4731 | D:5      | 4731 ||| BUYING potion of curing (30 gold).
  4731 | D:5      | Bought a potion of curing for 30 gold pieces
  4731 | D:5      | 4731 ||| SHOPLISTING potion of heal wounds (50 gold, have
                  | 9).
  4731 | D:5      | 4731 ||| SHOPLISTING potion of resistance (100 gold, have
                  | 9).
  5025 | D:6      | 5025 ||| INVOKING Heroism.
  5028 | D:6      | 5028 ||| INVOKING Spit Poison.
  5032 | D:6      | 5032 ||| INVOKING Spit Poison.
  5076 | D:6      | 5076 ||| INVOKING Spit Poison.
  5081 | D:6      | 5081 ||| INVOKING Spit Poison.
  5082 | D:6      | Reached skill level 3 in Dodging
  5088 | D:6      | 5088 ||| INVOKING Spit Poison.
  5095 | D:6      | 5095 ||| INVOKING Spit Poison.
  5100 | D:6      | 5100 ||| INVOKING Spit Poison.
  5260 | D:6      | 5260 ||| INVOKING Heroism.
  5261 | D:6      | 5261 ||| INVOKING Spit Poison.
  5270 | D:6      | 5270 ||| INVOKING Spit Poison.
  5273 | D:6      | Reached skill level 3 in Invocations
  5280 | D:6      | 5280 ||| INVOKING Spit Poison.
  5285 | D:6      | 5285 ||| INVOKING Heroism.
  5289 | D:6      | 5289 ||| INVOKING Spit Poison.
  5296 | D:6      | 5296 ||| INVOKING Spit Poison.
  5444 | D:6      | Found a shimmering blue altar of Sif Muna.
  5563 | D:6      | Noticed Blork the orc
  5564 | D:6      | 5564 ||| INVOKING Heroism.
  5567 | D:6      | 5567 ||| INVOKING Spit Poison.
  5574 | D:6      | 5574 ||| INVOKING Spit Poison.
  5574 | D:6      | Killed Blork the orc
  5751 | D:6      | 5751 ||| UPGRADING to +2 ring mail of fire resistance.
  5761 | D:6      | 5761 ||| DROPPING +0 leather armour.
  5762 | D:6      | 5762 ||| DROPPING +1 hat.
  5763 | D:6      | 5763 ||| DROPPING +0 robe of fire resistance.
  5764 | D:6      | 5764 ||| DRINKING 2 viscous sapphire potions.
  5779 | D:6      | 5779 ||| DROPPING potion of lignification.
  5831 | D:7      | 5831 ||| INVOKING Spit Poison.
  5852 | D:7      | 5852 ||| INVOKING Spit Poison.
  5853 | D:7      | 5853 ||| INVOKING Spit Poison.
  5860 | D:7      | 5860 ||| INVOKING Spit Poison.
  5931 | D:7      | 5931 ||| INVOKING Heroism.
  5933 | D:7      | 5933 ||| INVOKING Spit Poison.
  5941 | D:7      | 5941 ||| INVOKING Spit Poison.
  5942 | D:7      | Reached skill level 1 in Armour
  5946 | D:7      | Reached skill level 6 in Fighting
  6146 | D:7      | Found Dadal's Jewellery Emporium.
  6150 | D:7      | 6150 ||| INVOKING Spit Poison.
  6151 | D:7      | 6151 ||| INVOKING Heroism.
  6155 | D:7      | 6155 ||| INVOKING Spit Poison.
  6159 | D:7      | 6159 ||| INVOKING Spit Poison.
  6166 | D:7      | 6166 ||| INVOKING Spit Poison.
  6175 | D:7      | 6175 ||| SHOPLISTING +6 ring of dexterity (432 gold, have
                  | 149).
  6175 | D:7      | 6175 ||| SHOPLISTING +6 ring of strength (432 gold, have
                  | 149).
  6175 | D:7      | 6175 ||| SHOPLISTING amulet of reflection (360 gold, have
                  | 149).
  6175 | D:7      | 6175 ||| SHOPLISTING ring "Kumireri" {Contam rElec rPois
                  | rCorr Str+4} (508 gold, have 149).
  6205 | D:7      | 6205 ||| INVOKING Spit Poison.
  6220 | D:7      | 6220 ||| INVOKING Spit Poison.
  6223 | D:7      | 6223 ||| INVOKING Spit Poison.
  6279 | D:7      | 6279 ||| INVOKING Spit Poison.
  6282 | D:7      | 6282 ||| INVOKING Spit Poison.
  6306 | D:7      | 6306 ||| INVOKING Spit Poison.
  6310 | D:7      | 6310 ||| INVOKING Spit Poison.
  6314 | D:7      | 6314 ||| INVOKING Spit Poison.
  6331 | D:7      | Found a flagged portal.
  6383 | D:7      | 6383 ||| INVOKING Spit Poison.
  6416 | D:7      | 6416 ||| Stepping ~*~*~tactically~*~*~ (outnumbered).
  6428 | D:7      | 6428 ||| INVOKING Heroism.
  6453 | D:7      | 6453 ||| INVOKING Heroism.
  6635 | D:7      | Reached XP level 10. HP: 91/93 MP: 12/12
  6694 | D:7      | 6694 ||| INVOKING Spit Poison.
  6753 | D:7      | 6753 ||| INVOKING Spit Poison.
  6757 | D:7      | 6757 ||| Stepping ~*~*~tactically~*~*~ (outnumbered).
  6758 | D:7      | 6758 ||| INVOKING Spit Poison.
  6761 | D:7      | 6761 ||| INVOKING Spit Poison.
  6768 | D:7      | 6768 ||| INVOKING Spit Poison.
  6772 | D:7      | 6772 ||| INVOKING Spit Poison.
  6776 | D:7      | 6776 ||| INVOKING Spit Poison.
  6781 | D:7      | 6781 ||| INVOKING Spit Poison.
  6807 | D:7      | 6807 ||| INVOKING Spit Poison.
  6808 | D:7      | 6808 ||| INVOKING Heroism.
  6811 | D:7      | 6811 ||| INVOKING Spit Poison.
  6820 | D:7      | 6820 ||| INVOKING Spit Poison.
  6825 | D:7      | 6825 ||| INVOKING Spit Poison.
  6907 | D:7      | 6907 ||| INVOKING Spit Poison.
  6911 | D:7      | 6911 ||| INVOKING Spit Poison.
  6918 | D:7      | 6918 ||| INVOKING Spit Poison.
  6922 | D:7      | 6922 ||| INVOKING Spit Poison.
  6927 | D:7      | 6927 ||| INVOKING Spit Poison.
  6930 | D:7      | 6930 ||| INVOKING Spit Poison.
  6933 | D:7      | 6933 ||| INVOKING Spit Poison.
  7123 | D:7      | 7123 ||| INVOKING Heroism.
  7124 | D:7      | 7124 ||| INVOKING Spit Poison.
  7128 | D:7      | 7128 ||| INVOKING Spit Poison.
  7132 | D:7      | 7132 ||| INVOKING Spit Poison.
  7135 | D:7      | 7135 ||| INVOKING Heroism.
  7138 | D:7      | 7138 ||| INVOKING Spit Poison.
  7139 | D:7      | Reached skill level 11 in Ranged Weapons
  7142 | D:7      | 7142 ||| INVOKING Spit Poison.
  7148 | D:7      | 7148 ||| INVOKING Spit Poison.
  7157 | D:7      | 7157 ||| INVOKING Spit Poison.
  7163 | D:7      | 7163 ||| INVOKING Spit Poison.
  7353 | D:7      | 7353 ||| INVOKING Spit Poison.
  7476 | D:7      | 7476 ||| DROPPING ring of wizardry.
  7575 | D:8      | 7575 ||| INVOKING Spit Poison.
  7578 | D:8      | 7578 ||| INVOKING Spit Poison.
  7585 | D:8      | 7585 ||| INVOKING Spit Poison.
  7591 | D:8      | 7591 ||| INVOKING Spit Poison.
  7613 | D:8      | 7613 ||| INVOKING Spit Poison.
  7622 | D:8      | Found a hazy altar of Hepliaklqana.
  7678 | D:8      | 7678 ||| INVOKING Spit Poison.
  7685 | D:8      | 7685 ||| INVOKING Spit Poison.
  7689 | D:8      | 7689 ||| INVOKING Heroism.
  7690 | D:8      | 7690 ||| INVOKING Spit Poison.
  7699 | D:8      | 7699 ||| INVOKING Spit Poison.
  7700 | D:8      | HP: 21/96 [yak (9)]
  7701 | D:8      | 7701 ||| READING 2 scrolls of teleportation.
  7701 | D:8      | HP: 8/96 [yak (8)]
  7702 | D:8      | HP: 1/96 [yak (7)]
  7703 | D:8      | Slain by a yak

Levels and vault maps discovered:
D:1:      lightli_iron_boxes, layout_basic
D:2:      layout_rooms, serial_shops, shop, hex_medium, grunt_ministairs_10,
          nicolae_eternal_life, uniq_robin
D:3:      layout_loops_cross, shapermc_ecumenical_altar_venn, minivault_19,
          minmay_ruptured, uniq_jessica
D:4:      layout_loops_ring, kennysheep_slug_shrine,
          lemuel_mausoleum_altar_kikubaaqudgha,
          minmay_temple_entry_antechambers, serial_shops,
          nicolae_shop_behind_doors, serial_park_tiny_1, corexii_checkpoint_b,
          minmay_misc_feat_alley
D:5:      nicolae_cairo_tiling_large, layout_basic, serial_shops,
          nicolae_square_shop, grunt_ministairs_1, uniq_pikel
D:6:      layout_loops_cross, kennysheep_orc_sif_temple,
          minmay_misc_feat_plants, dk_noncrumbling_4, uniq_blork_the_orc
D:7:      kennysheep_housing_project, layout_loops_ring, enter_bailey_3,
          serial_shops, shop, serial_bayou_pond_e
D:8:      layout_loops_ring, nicolae_hepliaklqana_monster_ancestors, uniq_joseph
Temple:   nicolae_temple_bog_church

Skill      XL: |  1  2  3  4  5  6  7  8  9 10 |
---------------+-------------------------------+-----
Ranged Weapons | 4 5 6 8 10 11 | 11.0
Fighting       | 3 4 5 7 |  7.8
Dodging        | 2 3 |  3.0
Invocations    | 3 |  3.7
Armour         | 2 |  2.1
Stealth        | |  1.5

Action                     |  1- 3 |  4- 6 |  7- 9 | 10-12 || total
---------------------------+-------+-------+-------+-------++-------
   Fire: Shortbow          |    58 |   165 |   396 |   135 ||   754
 Invoke: Heroism           |       |       |    11 |     4 ||    15
Ability: Spit Poison       |    27 |    45 |    73 |    37 ||   182
    Use: Scroll            |     1 |     4 |     4 |     1 ||    10
         Potion            |       |     2 |     5 |       ||     7
 Armour: Leather armour    |    11 |    16 |    15 |       ||    42
         Robe              |       |       |    14 |       ||    14
         Ring mail         |       |       |    10 |    47 ||    57
  Dodge: Dodged            |    19 |    75 |   203 |   142 ||   439

Table legend:
 A = Non-vault XP
 B = Vault XP
 C = Vault XP percentage of total XP
 D = Non-vault monster count
 E = Vault monster count
 F = Vault count percentage of total count
                 A         B        C        D         E       F
            +---------+---------+-------+---------+---------+-------
      Total |    3389 |    2635 |  43.7 |     143 |      80 |  35.9
            +---------+---------+-------+---------+---------+-------
        D:1 |      45 |       0 |   0.0 |      27 |       0 |   0.0
        D:2 |      38 |      52 |  57.8 |      18 |      14 |  43.8
        D:3 |     110 |      56 |  33.7 |      20 |       5 |  20.0
        D:4 |     388 |     480 |  55.3 |      22 |      15 |  40.5
        D:5 |     747 |     853 |  53.3 |      22 |       3 |  12.0
        D:6 |     230 |     402 |  63.6 |      12 |       7 |  36.8
        D:7 |    1462 |     789 |  35.1 |      17 |      34 |  66.7
        D:8 |     369 |       3 |   0.8 |       5 |       2 |  28.6
            +---------+---------+-------+---------+---------+-------
